 Dungeon Crawl Stone Soup version 0.28-b1-1-g3c77fb2ed1 (webtiles) character file.

Game seed: 12946873796686973196

737 cbfl8 the Chopper (level 7, -2/61 HPs)
             Began as a Minotaur Delver on Jan 28, 2022.
             Slain by Prince Ribbit (9 damage)
             ... on level 7 of the Dungeon.
             The game lasted 00:05:27 (1965 turns).

cbfl8 the Chopper (Minotaur Delver)                 Turns: 1965, Time: 00:05:27

Health: -2/61      AC:  7    Str: 18    XL:     7   Next: 46%
Magic:  6/6        EV: 14    Int:  7    God:
Gold:   46         SH:  0    Dex: 12    Spells: 6/6 levels left

rFire   . . .      SeeInvis .   a - +0 hand axe
rCold   . . .      Faith    .   (no shield)
rNeg    . . .      Spirit   .   k - +0 scale mail
rPois   .          Reflect  .   (helmet restricted)
rElec   .          Harm     .   (no cloak)
rCorr   .          Rampage  .   (no gloves)
Will    .....                   (no boots)
Stlth   ++........              (no amulet)
HPRegen 0.20/turn               h - +4 ring of evasion
MPRegen 0.10/turn               (no ring)

@: no status effects
A: horns 2, retaliatory headbutt
a: no special abilities


You were on level 7 of the Dungeon.
You visited 1 branch of the dungeon, and saw 3 of its levels.

You collected 46 gold pieces.

Inventory:

Hand Weapons
 a - a +0 hand axe (weapon)
Missiles
 n - 2 poisoned darts (quivered)
Armour
 b - a +0 leather armour
 k - a +0 scale mail (worn)
Jewellery
 h - a +4 ring of evasion (left hand)
Wands
 g - a wand of digging (3)
Scrolls
 j - a scroll of identify {unknown}
 m - a scroll of noise {unknown}
Potions
 d - 2 potions of berserk rage {unknown}
 f - a potion of haste
 i - 2 potions of degeneration {unknown}
 l - a potion of cancellation {unknown}


   Skills:
 + Level 5.2 Fighting
 + Level 5.9 Axes
 + Level 4.2 Armour
 + Level 3.1 Dodging
 + Level 5.7 Stealth


You had 6 spell levels left.
You didn't know any spells.
Your spell library was empty.

Dungeon Overview and Level Annotations

Branches:
Dungeon (7/15)
 Temple: D:4-7

Altars:
Qazlal

Annotations:
D:6 1 transporter, DemonSlayer's ghost, novice DECj
D:7 Prince Ribbit


Innate Abilities, Weirdness & Mutations

You have a pair of horns on your head.
You reflexively headbutt those who attack you in melee.


Message History

The centaur skeleton closely misses you.
You hit the centaur skeleton.
The centaur skeleton is severely damaged.
The centaur skeleton barely misses you. You furiously retaliate!
You headbutt the centaur skeleton!
You destroy the centaur skeleton!
Prince Ribbit comes into view.
Prince Ribbit croaks.
Prince Ribbit hits you.
You hit Prince Ribbit.
Prince Ribbit is lightly wounded.
Prince Ribbit closely misses you.
You hit Prince Ribbit.
Prince Ribbit is moderately wounded.
Prince Ribbit hits you! x2
You barely miss Prince Ribbit. Your headbutt misses Prince Ribbit.
Prince Ribbit is moderately wounded.
Prince Ribbit barely misses you.
You hit Prince Ribbit. Your headbutt misses Prince Ribbit.
Prince Ribbit is moderately wounded.
Prince Ribbit blinks!
You slash Prince Ribbit!
Prince Ribbit is heavily wounded.
Prince Ribbit hits you!
* * * LOW HITPOINT WARNING * * *
You hit Prince Ribbit.
Prince Ribbit is heavily wounded.
Prince Ribbit hits you but does no damage.
You miss Prince Ribbit.
Prince Ribbit is heavily wounded.
Prince Ribbit barely misses you. You furiously retaliate!
You headbutt Prince Ribbit! Prince Ribbit hits you!
* * * LOW HITPOINT WARNING * * *
As you read the scroll of fear, it crumbles to dust.
You assume a fearsome visage.
Prince Ribbit easily resists.
Prince Ribbit barely misses you. You furiously retaliate!
You headbutt Prince Ribbit.
As you read the scroll of fog, it crumbles to dust.
The scroll dissolves into smoke.
Prince Ribbit hits you!
You die...

#. ♣♣.♣♣ #. ♣...♣♣
#. ♣....♣ #. #....#
#. ####....######
#§ #.......##...##
#§##§.....##.....##
#§@F§..............
####§.....####.####
#......# ### #
#.####.# #.. ..#
### ###


You could see Prince Ribbit.

Vanquished Creatures
  An ogre (D:7)
  A phantom (D:6)
  A kobold brigand (D:6)
  A bullfrog (D:7)
  A water moccasin zombie (D:6)
  A howler monkey (D:6)
  2 bullfrog zombies
  A jelly (D:6)
  3 centaur skeletons
  A centaur zombie (D:5)
  2 hounds (D:6)
  2 iguanas (D:6)
  2 adders (D:6)
  A howler monkey skeleton (D:6)
  An orc (D:6)
  3 kobolds (D:6)
24 creatures vanquished.

Notes
Turn   | Place    | Note
-------+----------+-------------------------------------------
     0 | D:5      | cbfl8 the Minotaur Delver began the quest for the Orb.
     0 | D:5      | Reached XP level 1. HP: 19/19 MP: 0/0
    40 | D:5      | Reached XP level 2. HP: 2/27 MP: 1/1
    40 | D:5      | Reached XP level 3. HP: 2/33 MP: 2/2
   391 | D:6      | Noticed a phantom
   402 | D:6      | Killed a phantom
   403 | D:6      | Reached skill level 1 in Armour
   403 | D:6      | Reached skill level 5 in Stealth
   403 | D:6      | Reached XP level 4. HP: 24/41 MP: 3/3
   559 | D:6      | Reached XP level 5. HP: 43/47 MP: 4/4
   827 | D:6      | Reached XP level 6. HP: 49/53 MP: 5/5
  1005 | D:6      | Noticed DemonSlayer's ghost (novice DECj)
  1006 | D:6      | Found a transporter.
  1007 | D:6      | Identified the +5 dire flail "Syummir" {freeze, Stlth+}
  1071 | D:6      | Reached skill level 5 in Fighting
  1544 | D:7      | Reached XP level 7. HP: 52/61 MP: 6/6
  1550 | D:7      | Found a stormy altar of Qazlal.
  1562 | D:7      | Reached skill level 5 in Axes
  1950 | D:7      | Noticed Prince Ribbit
  1965 | D:7      | Slain by Prince Ribbit

Illustrated notes

Levels and vault maps discovered:
D:5:      layout_rooms, solitary_fountain
D:6:      layout_loops_ring, gammafunk_ghost_smash
D:7:      layout_loops_corners, nicolae_qazlal_scattered_showers,
          minmay_temple_entry_from_below_a, minivault_5, uniq_pikel,
          uniq_prince_ribbit1, uniq_crazy_yiuf_cottage

Skill      XL: |  1  2  3  4  5  6  7 |
---------------+----------------------+-----
Fighting       | 4 5 |  5.2
Axes           | 3 4 5 |  5.9
Armour         | 1 2 3 4 |  4.2
Stealth        | 5 |  5.7
Dodging        | 3 |  3.1

Action                   |  1- 3 |  4- 6 |  7- 9 || total
-------------------------+-------+-------+-------++-------
Melee: Hand axe          |    16 |    75 |    29 ||   120
       Headbutt          |     6 |    12 |     7 ||    25
       Punch             |     1 |     1 |       ||     2
  Use: Scroll            |     1 |       |     2 ||     3
 Stab: Sleeping          |     1 |       |       ||     1
Armor: Leather armour    |     5 |       |       ||     5
       Scale mail        |       |    23 |     5 ||    28
Dodge: Dodged            |    11 |    52 |    20 ||    83
